Cogmind - Beta 11.1 --- EXPLORER MODE // 2022.08.28 @ 21:18:54 Player: Analote Result: Self-destructed Performance ------------- Evolutions (5) 2500 Regions Visited (9) 1800 Robots Destroyed (136) 680 Value Destroyed (5041) 5041 Prototype IDs (4) 80 Alien Tech Used (0) 0 Bonus (204) 204 TOTAL SCORE: 10305 Bonus ------- High Alert Combat Kills 72 Follower Combat Kills 132 Cogmind --------- Core Integrity 684/1000 Matter 28/300 Energy 100/100 System Corruption 8% Temperature Cool (0) Movement Core (700) Ox13 Location -5/Factory Parts ------- > --- POWER (2) -------- (None) > --- PROPULSION (6) --- (None) > --- UTILITY (6) ------ Advanced Heat Sink High-capacity Storage Unit Improved Target Analyzer Thermal Shield > --- WEAPON (4) ------- (None) > --- INVENTORY (20) --- Fusion Compressor Visual Processing Unit Improved Sensor Array Light Armor Plating Magnetic Acceleration Cannon Peak State ------------ > --- POWER ------------ Improved Ion Engine Light Deuterium Engine > --- PROPULSION ------- Advanced Treads Advanced Treads Improved Medium Treads Improved Medium Treads Heavy Treads > --- UTILITY ---------- Advanced Heat Sink Advanced Heat Sink High-capacity Storage Unit Layered Light Armor Plating Centrium Medium Armor Plating Thermal Shield > --- WEAPON ----------- Tesla Rifle Tesla Rifle Improved Light Cannon Magnetic Acceleration Cannon > --- INVENTORY -------- Cooled Ion Engine Fusion Compressor Light Treads Light Treads Advanced Treads Visual Processing Unit Improved Sensor Array Improved Target Analyzer Light Armor Plating Advanced Beam Cannon Magnetic Acceleration Cannon Magnetic Acceleration Cannon Grenade Launcher [Rating: 84] Favorites ----------- Power Cooled Ion Engine Engine Cooled Ion Engine Power Core Fusion Compressor Propulsion Advanced Treads Treads Advanced Treads Wheel Compact Wheel Utility Layered Light Armor Plating Device Heat Sink Storage High-capacity Storage Unit Processor Improved Target Analyzer Protection Layered Light Armor Plating Weapon Magnetic Acceleration Cannon Energy Gun Tesla Rifle Energy Cannon Advanced Beam Cannon Ballistic Gun Improved Heavy Machine Gun Ballistic Cannon Magnetic Acceleration Cannon Launcher Grenade Launcher Build | -11 -10 -9 -8 -8 -7 -6 -6 -6 -5 ------- Run | Scr Mat Mat Mat Sto Fac Fac Ext Cet Fac Slots Evolved 11 | . 1 2 2 . 2 2 . . 2 Power 1 | . . . . . . . . . 1 Propulsion 4 | . . . 2 . 2 . . . . Utility 4 | . 1 2 . . . 1 . . . Weapon 2 | . . . . . . 1 . . 1 Parts Attached 76 | 7 4 10 6 3 6 7 5 5 23 Power 8 | 1 . 2 . . . . 2 . 3 Engine 6 | 1 . 2 . . . . 1 . 2 Core 2 | . . . . . . . 1 . 1 Reactor . | . . . . . . . . . . Propulsion 23 | 2 1 . 4 1 4 4 . 2 5 Treads 22 | 2 1 . 4 1 4 4 . 2 4 Leg . | . . . . . . . . . . Wheel 1 | . . . . . . . . . 1 Hover . | . . . . . . . . . . Flight . | . . . . . . . . . . Utility 20 | 2 2 3 2 1 1 2 . 2 5 Device 10 | 1 1 2 . 1 1 . . 1 3 Storage 2 | 1 1 . . . . . . . . Processor 1 | . . . . . . . . . 1 Hackware . | . . . . . . . . . . Protection 7 | . . 1 2 . . 2 . 1 1 Artifact . | . . . . . . . . . . Weapon 25 | 2 1 5 . 1 1 1 3 1 10 Energy Gun 4 | 1 . 1 . . . . . . 2 Energy Cannon 2 | . . 1 . . . . . . 1 Ballistic Gun 2 | 1 . . . . . 1 . . . Ballistic Cannon 14 | . . 2 . 1 1 . 3 1 6 Launcher 3 | . 1 1 . . . . . . 1 Special Weapon . | . . . . . . . . . . Impact Weapon . | . . . . . . . . . . Slashing Weapon . | . . . . . . . . . . Piercing Weapon . | . . . . . . . . . . Special Melee Weapon . | . . . . . . . . . . Unidentified Prototypes 3 | . . 2 . . . . . 1 . Parts Lost 19 | . . . . . . . . 2 17 Power 3 | . . . . . . . . . 3 Propulsion 6 | . . . . . . . . . 6 Utility 4 | . . . . . . . . 2 2 Weapon 6 | . . . . . . . . . 6 Highest Loss Streak 5 | . . . . . . . . 1 5 To Critical Strikes . | . . . . . . . . . . Average Slot Usage (%) 91 | . 96 96 99 96 91 93 90 87 80 Engine 8 | . 12 10 8 8 7 6 5 6 6 Treads 28 | . 25 20 32 33 42 37 35 31 20 Device 16 | . 21 28 23 16 14 6 6 2 13 Storage 7 | . 12 10 8 8 7 6 6 6 5 Protection 13 | . . 8 9 16 14 24 25 27 11 Energy Gun 1 | . . 1 . . . . . . 3 Energy Cannon 1 | . . 3 8 5 . . . . 1 Ballistic Gun 3 | . 12 2 . . . 6 4 . . Ballistic Cannon 8 | . . 9 8 8 6 6 6 13 13 Launcher 2 | . 11 2 . . . . . . . Naked Turns . | . . . . . . . . . . Heaviest Build 94 | 17 49 63 66 70 70 81 89 88 94 Greatest Support 174 | 40 40 40 87 89 131 150 150 152 174 Greatest Overweight (x) 24 | . 1 1 1 . . . . . 24 Average Overweight (x) . | . . 1 . . . . . . . Largest Inventory Capacity 20 | 10 20 20 20 20 20 20 20 20 20 Average Capacity 19 | 6 15 20 20 20 20 20 20 20 20 Most Carried 20 | 2 2 7 10 14 14 15 20 20 18 Average Carried 9 | . . 3 7 11 12 13 15 17 10 Final Capacity 20 | 10 20 20 20 20 20 20 20 20 20 Final Carried 18 | . 2 7 10 12 14 15 18 16 5 Class Distribution -------------------- 63% | Hacker-Mutant 36% | Hacker-Tank Dominant Class ---------------- Hacker-Mutant | -10/Materials Hacker-Mutant | -9/Materials Hacker-Mutant | -8/Materials Hacker-Mutant | -8/Storage Hacker-Mutant | -7/Factory Hacker-Tank | -6/Factory Hacker-Tank | -6/Extension Hacker-Mutant | -6/Cetus Hacker-Tank | -5/Factory Resources | -11 -10 -9 -8 -8 -7 -6 -6 -6 -5 ----------- Run | Scr Mat Mat Mat Sto Fac Fac Ext Cet Fac Matter Collected 3628 | . 325 397 95 207 414 151 690 304 1045 Remotely . | . . . . . . . . . . Salvage Created 4267 | . 277 699 264 574 412 43 832 70 1096 Parts 204 | . 14 48 15 26 27 2 19 5 48 Haulers Intercepted 14 | . 2 4 1 2 1 . 4 . . Recyclers Shooed 1 | . 1 . . . . . . . . Parts Field Recycled . | . . . . . . . . . . Retrieved Matter . | . . . . . . . . . . Parts Self-Destructed . | . . . . . . . . . . Prevented . | . . . . . . . . . . Kills | -11 -10 -9 -8 -8 -7 -6 -6 -6 -5 ------- Run | Scr Mat Mat Mat Sto Fac Fac Ext Cet Fac Combat Hostiles Destroyed 96 | . 6 14 4 13 11 2 7 6 33 Guns 16 | . 6 3 . . . . . . 7 Cannons 74 | . . 10 4 12 11 2 7 6 22 AOE 6 | . . 1 . 1 . . . . 4 Classes Destroyed 17 | . 5 2 2 1 3 . 1 . 3 Worker 4 | . 1 1 . . . . 1 . 1 Builder 2 | . . . . . 1 . . . 1 Tunneler 1 | . . . . . . . . . 1 Hauler 14 | . 2 4 1 2 1 . 4 . . Recycler 4 | . . . . . 2 . 2 . . Mechanic 1 | . . . . . . . . . 1 Operator 2 | . . . 1 . 1 . . . . Watcher 12 | . 2 2 1 1 1 . 3 1 1 Swarmer 27 | . 4 3 . . 4 . 3 2 11 Grunt 30 | . 2 5 1 8 5 . 1 . 8 Brawler 2 | . . . . 1 . . . . 1 Duelist 1 | . . 1 . . . . . . . Protector 1 | . . . . . . . . . 1 Sentry 16 | . . 5 2 3 1 . 2 . 3 Hunter 8 | . . . 1 1 . 2 . . 4 Programmer 6 | . . . . . 1 . . . 5 Behemoth 1 | . . . . . . . 1 . . Cetus Guard 4 | . . . . . . . . 4 . Best Kill Streak 8 | . 2 5 2 8 3 2 6 2 8 Combat Bots Only 7 | . 2 4 2 7 3 2 4 2 7 Max Kills in Single Turn 3 | . 1 2 1 1 2 1 1 1 3 Gunslinging . | . . . . . . . . . . Exploded 1 | . . 1 . 1 . . . . 1 Melee . | . . . . . . . . . . Uniques/NPCs Destroyed . | . . . . . . . . . . Combat | -11 -10 -9 -8 -8 -7 -6 -6 -6 -5 -------- Run | Scr Mat Mat Mat Sto Fac Fac Ext Cet Fac Damage Taken 5858 | . 247 248 65 483 297 178 748 881 2711 Core 527 | . 44 8 6 47 6 . 47 53 316 Absorbed by Shields 123 | . . 112 11 . . . . . . Regen/Repaired (Parts) 91 | . . . . . 91 . . . . Core Remaining (%) 92 | 100 82 98 . 90 99 . . 88 . Volleys Fired 371 | . 61 49 13 35 47 8 55 30 73 Largest 4 | . 2 2 2 2 1 2 2 3 4 Hottest 227 | . 50 107 107 107 60 75 75 159 227 Shots Fired 672 | . 66 86 26 53 47 16 85 48 245 Gun 183 | . 60 27 . . . 8 30 . 58 Cannon 477 | . . 58 26 53 47 8 55 48 182 Launcher 12 | . 6 1 . . . . . . 5 Special . | . . . . . . . . . . Kinetic 527 | . 60 52 13 35 47 16 85 48 171 Thermal 56 | . . 14 13 18 . . . . 11 Explosive 12 | . 6 1 . . . . . . 5 Electromagnetic 77 | . . 19 . . . . . . 58 Robot Hit Streak 89 | . 18 31 14 18 29 43 89 34 36 Robot Miss Streak 3 | . 2 2 1 2 2 . 2 1 3 Penetration Max 1 | . . . . . 1 . 1 . . Secondary Targets 1 | . . 1 . . . . . . . Max Gunslinging Chain 1 | . . 1 . . . . . . . Shots Hit Robots 540 | . 54 66 20 40 41 14 76 45 184 Core Hits 214 | . 23 29 10 20 12 5 18 15 82 Critical Kills 2 | . 1 . . 1 . . . . . Critical Parts Destroyed . | . . . . . . . . . . Critical Strikes 37 | . 1 2 . 3 7 1 6 9 8 Meltdown 1 | . . . . 1 . . . . . Destroy 1 | . 1 . . . . . . . . Blast 35 | . . 2 . 2 7 1 6 9 8 Melee Attacks . | . . . . . . . . . . Impact . | . . . . . . . . . . Slashing . | . . . . . . . . . . Piercing . | . . . . . . . . . . Sneak Attacks . | . . . . . . . . . . Combat Hostiles . | . . . . . . . . . . Follow-up Attacks . | . . . . . . . . . . Damage Inflicted 17402 | . 600 1209 411 1387 2256 356 3389 1743 6051 Guns 2521 | . 401 243 . . . 119 641 . 1117 Cannons 13578 | . . 924 411 1323 2256 237 2748 1735 3944 Explosions 1279 | . 199 26 . 64 . . . . 990 Melee . | . . . . . . . . . . Ramming 24 | . . 16 . . . . . 8 . Kinetic 13776 | . 401 726 165 1034 2256 356 3389 1735 3714 Thermal 1269 | . . 249 246 289 . . . . 485 Explosive 1024 | . 199 26 . 64 . . . . 735 Electromagnetic 1309 | . . 192 . . . . . . 1117 Impact . | . . . . . . . . . . Slashing . | . . . . . . . . . . Piercing . | . . . . . . . . . . Highest Corruption 8 | . 1 . . . 1 . . . 8 Average Corruption 3 | . 1 . . . 1 . . . 5 Corruption Purged . | . . . . . . . . . . Corruption Blocked . | . . . . . . . . . . Effects 34 | . 2 . . . 5 . . . 27 Message Errors 7 | . . . . . 2 . . . 5 Matter Fused 9 | . . . . . 2 . . . 7 Heat Flow Errors 3 | . . . . . 1 . . . 2 Energy Discharges 6 | . . . . . . . . . 6 Parts Rejected 1 | . . . . . . . . . 1 Data Loss (minor) 3 | . 1 . . . . . . . 2 Data Loss (major) 1 | . . . . . . . . . 1 Misfires 2 | . 1 . . . . . . . 1 Weapon Failures 2 | . . . . . . . . . 2 Overload Shots . | . . . . . . . . . . Overflow Damage 641 | . 10 3 . . 229 9 196 58 136 Projectiles 548 | . . 3 . . 229 9 196 58 53 Explosions 93 | . 10 . . . . . . . 83 Melee . | . . . . . . . . . . Knockbacks 45 | . . 2 1 3 9 1 6 1 22 Impact . | . . . . . . . . . . Kinetic 43 | . . 2 1 3 8 1 6 1 21 Secondary 2 | . . . . . 1 . . . 1 Self-Inflicted Damage 117 | . 16 . . . . . . . 101 Shots 5 | . 2 . . . . . . . 3 Rammed 2 | . . 1 . . . . . 1 . Targets Rammed 2 | . . 1 . . . . . 1 . Kicked . | . . . . . . . . . . Crushed . | . . . . . . . . . . Highest Temperature 369 | . 15 54 105 237 100 . 24 352 369 Average Temperature 90 | . 9 11 43 81 17 . 6 159 98 Received Heat Transfer 1704 | . 99 144 12 351 126 . 174 171 627 Effects 4 | . . . . 2 . . . 2 . Shutdowns 1 | . . . . . . . . 1 . Interference 3 | . . . . 2 . . . 1 . Siege Activations 2 | . . . . . . . . . 2 Total Turns 13 | . . . . . . . . . 13 Longest Duration 12 | . . . . . . . . . 12 Robots Corrupted . | . . . . . . . . . . Combat Hostiles . | . . . . . . . . . . Parts Fried 8 | . . . . . . . . . 8 Impact Corruptions . | . . . . . . . . . . Robots Melted 1 | . . . . 1 . . . . . Combat Hostiles . | . . . . . . . . . . Parts Melted 7 | . . 1 1 3 . . . . 2 Heat Transferred 2015 | . . 444 444 518 . . . . 609 Parts Sabotaged 2 | . . . . . . . . . 2 Parts Stolen . | . . . . . . . . . . Parts Stripped . | . . . . . . . . . . Power Chain Reactions 1 | . . . . . . . . . 1 Missiles Intercepted . | . . . . . . . . . . Alert | -11 -10 -9 -8 -8 -7 -6 -6 -6 -5 ------- Run | Scr Mat Mat Mat Sto Fac Fac Ext Cet Fac Peak Influence 482 | . 256 263 175 459 482 142 221 118 379 Initial 151 | . . . . 52 151 90 51 . 49 Average 124 | . 85 70 68 269 248 118 60 59 203 Maximum Alert Level 2 | . 1 1 . 2 2 . 1 . 1 Low Security (%) 77 | 100 87 85 100 46 49 100 96 100 50 Level 1 19 | . 12 14 . 27 36 . 3 . 49 Level 2 3 | . . . . 26 14 . . . . Level 3 . | . . . . . . . . . . Level 4 . | . . . . . . . . . . Level 5 . | . . . . . . . . . . High Security . | . . . . . . . . . . Max Security . | . . . . . . . . . . Squads Dispatched 17 | . . 1 . 3 4 1 . . 8 Investigation 2 | . . . . . 2 . . . . Extermination 4 | . . . . . 2 . . . 2 Reinforcement 8 | . . 1 . 3 . 1 . . 3 Assault . | . . . . . . . . . . Garrison 3 | . . . . . . . . . 3 Intercept . | . . . . . . . . . . Searches Triggered . | . . . . . . . . . . Construction Impeded 2 | . . 1 . . . . . . 1 Haulers Reinforced . | . . . . . . . . . . Active Scanning Responses . | . . . . . . . . . . Cargo Convoy Interrupts 1 | . . . . . . . . . 1 Stealth | -11 -10 -9 -8 -8 -7 -6 -6 -6 -5 --------- Run | Scr Mat Mat Mat Sto Fac Fac Ext Cet Fac Distress Signals 3 | . . 1 . . . . . 1 1 Communications Jammed . | . . . . . . . . . . Distress Signals . | . . . . . . . . . . Times Spotted 141 | . 13 23 6 16 12 2 16 7 46 Peak Tracking Total 8 | . 3 5 3 7 3 2 5 5 8 Tactical Retreats 3 | . . . . . 1 . . . 2 Traps | -11 -10 -9 -8 -8 -7 -6 -6 -6 -5 ------- Run | Scr Mat Mat Mat Sto Fac Fac Ext Cet Fac Traps Triggered 7 | . 2 2 . 1 . . . . 2 Indirectly . | . . . . . . . . . . Trap Hack Attempts . | . . . . . . . . . . Triggered . | . . . . . . . . . . Disarmed . | . . . . . . . . . . Reprogrammed . | . . . . . . . . . . Reused . | . . . . . . . . . . Traps Extracted . | . . . . . . . . . . Installed . | . . . . . . . . . . Triggered . | . . . . . . . . . . Machines | -11 -10 -9 -8 -8 -7 -6 -6 -6 -5 ---------- Run | Scr Mat Mat Mat Sto Fac Fac Ext Cet Fac Machines Disabled 13 | . 1 . . 4 2 . 2 . 4 Max in Single Turn 2 | . 1 . . 2 1 . 2 . 2 Machines Sabotaged . | . . . . . . . . . . Garrisons Compromised . | . . . . . . . . . . Overloaded Fab Kills . | . . . . . . . . . . Hacking | -11 -10 -9 -8 -8 -7 -6 -6 -6 -5 --------- Run | Scr Mat Mat Mat Sto Fac Fac Ext Cet Fac Machines Accessed 11 | . . 1 . . 4 1 4 . 1 Terminals 8 | . . 1 . . 2 1 4 . . Fabricators 1 | . . . . . 1 . . . . Repair Stations 2 | . . . . . 1 . . . 1 Recycling Units . | . . . . . . . . . . Scanalyzers . | . . . . . . . . . . Garrison Access . | . . . . . . . . . . Total Hacks 17 | . . 2 . . 8 1 5 . 1 Successful 12 | . . 1 . . 6 1 4 . . Failed 5 | . . 1 . . 2 . 1 . 1 Catastrophic . | . . . . . . . . . . Database Lockouts . | . . . . . . . . . . Manual . | . . . . . . . . . . Terminals 10 | . . 2 . . 2 1 5 . . Fabricators 3 | . . . . . 3 . . . . Repair Stations 4 | . . . . . 3 . . . 1 Recycling Units . | . . . . . . . . . . Scanalyzers . | . . . . . . . . . . Garrison Access . | . . . . . . . . . . Terminal Hacks 8 | . . 1 . . 2 1 4 . . Part Schematic 1 | . . . . . 1 . . . . Robot Analysis 1 | . . 1 . . . . . . . Open Door 5 | . . . . . . 1 4 . . Open DSF 1 | . . . . . 1 . . . . Fabricator Hacks 2 | . . . . . 2 . . . . Load Schematic 1 | . . . . . 1 . . . . Build 1 | . . . . . 1 . . . . Repair Station Hacks 2 | . . . . . 2 . . . . Scan Component 1 | . . . . . 1 . . . . Repair 1 | . . . . . 1 . . . . Recycling Unit Hacks . | . . . . . . . . . . Scanalyzer . | . . . . . . . . . . Garrison Access Hacks . | . . . . . . . . . . Unauthorized Hacks . | . . . . . . . . . . Terminals . | . . . . . . . . . . Fabricators . | . . . . . . . . . . Repair Stations . | . . . . . . . . . . Recycling Units . | . . . . . . . . . . Scanalyzers . | . . . . . . . . . . Garrison Access . | . . . . . . . . . . Data Cores Recovered . | . . . . . . . . . . Used . | . . . . . . . . . . Hacking Detections 4 | . . . . . 3 . . . 1 Full Trace Events 2 | . . . . . 2 . . . . Feedback Events 1 | . . . . . 1 . . . . Corruption 1 | . . . . . 1 . . . . Feedback Blocked . | . . . . . . . . . . Robot Schematics Acquired . | . . . . . . . . . . Robots Built . | . . . . . . . . . . Authchips . | . . . . . . . . . . Time . | . . . . . . . . . . Total Robot Build Rating . | . . . . . . . . . . Part Schematics Acquired 1 | . . . . . 1 . . . . Parts Built 1 | . . . . . 1 . . . . Authchips . | . . . . . . . . . . Time 76 | . . . . . 76 . . . . Total Part Build Rating 5 | . . . . . 5 . . . . Parts Repaired 1 | . . . . . 1 . . . . Time 19 | . . . . . 19 . . . . Parts Recycled . | . . . . . . . . . . Recycled Matter . | . . . . . . . . . . Retrieved Matter . | . . . . . . . . . . Retrieved Components . | . . . . . . . . . . Parts Scanalyzed . | . . . . . . . . . . Part Schematics Acquired . | . . . . . . . . . . Parts Damaged . | . . . . . . . . . . Bothacking | -11 -10 -9 -8 -8 -7 -6 -6 -6 -5 ------------ Run | Scr Mat Mat Mat Sto Fac Fac Ext Cet Fac Used RIF Installer . | . . . . . . . . . . Robots Hacked . | . . . . . . . . . . Non-combat . | . . . . . . . . . . Combat . | . . . . . . . . . . Robot Hacks Applied . | . . . . . . . . . . Relay Couplers Released . | . . . . . . . . . . Fabnet Peak Effective % . | . . . . . . . . . . Robots Rewired . | . . . . . . . . . . Allies Hacked . | . . . . . . . . . . Hacks Repelled . | . . . . . . . . . . Allies | -11 -10 -9 -8 -8 -7 -6 -6 -6 -5 -------- Run | Scr Mat Mat Mat Sto Fac Fac Ext Cet Fac Total Allies 4 | . . . . . . . 4 . . Largest Group 4 | . . . . . . . 4 . . Highest-Rated Group 140 | . . . . . . . 140 . . Highest-Rated Ally 39 | . . . . . . . 39 . . Total Orders . | . . . . . . . . . . Ally Attacks 64 | . . . . . . . 64 . . Total Damage 1041 | . . . . . . . 1041 . . Kills 6 | . . . . . . . 6 . . Allies Corrupted 1 | . . . . . . . 1 . . Allies Melted . | . . . . . . . . . . Intel | -11 -10 -9 -8 -8 -7 -6 -6 -6 -5 ------- Run | Scr Mat Mat Mat Sto Fac Fac Ext Cet Fac Robot Analysis Total 1 | . . 1 . . . . . . . Derelict Logs Recovered . | . . . . . . . . . . Drone Launches . | . . . . . . . . . . Drone Recoveries . | . . . . . . . . . . Exploration | -11 -10 -9 -8 -8 -7 -6 -6 -6 -5 ------------- Run | Scr Mat Mat Mat Sto Fac Fac Ext Cet Fac Turns Passed 6740 | 79 840 1454 261 381 762 257 1250 304 1152 Spaces Moved 2971 | 42 359 529 131 183 356 141 650 134 446 Core 16 | 5 . . . . . . . . 11 Treads 2948 | 37 359 529 131 183 356 141 650 134 428 Legs . | . . . . . . . . . . Wheels 7 | . . . . . . . . . 7 Hover . | . . . . . . . . . . Flight . | . . . . . . . . . . Fastest Speed 50 | 50 160 240 152 148 151 151 159 156 154 Average Speed 180 | 146 198 240 158 149 151 154 159 158 189 Slowest Speed 1250 | 160 240 240 240 152 152 160 160 159 1250 Overloaded Moves . | . . . . . . . . . . Propulsion Burnouts . | . . . . . . . . . . Robots Hopped . | . . . . . . . . . . Cave-ins Triggered . | . . . . . . . . . . Exploration Rate (%) 31 | 4 74 61 13 39 10 6 70 24 13 Regions Visited 9 Branch Regions 3 Pre-discovered Areas . | . . . . . . . . . . Known Exits Taken 9 | 1 1 1 1 1 1 1 1 1 . Unknown Exits Taken . | . . . . . . . . . . Scrap Searched . | . . . . . . . . . . Spaces Dug . | . . . . . . . . . . Terrain Destroyed 135 | . 32 10 1 21 8 1 8 3 51 Melee . | . . . . . . . . . . Projectile 47 | . . 1 1 4 8 1 8 3 21 AOE 88 | . 32 9 . 17 . . . . 30 Terrain Rammed . | . . . . . . . . . . Walls Destroyed . | . . . . . . . . . . Machines Disabled . | . . . . . . . . . . Actions | -11 -10 -9 -8 -8 -7 -6 -6 -6 -5 --------- Run | Scr Mat Mat Mat Sto Fac Fac Ext Cet Fac Total 3688 | 59 433 627 158 230 508 160 755 172 586 Wait 201 | 4 5 27 . 4 95 . 41 . 25 Move 2962 | 41 358 528 130 182 355 140 649 133 446 Hop . | . . . . . . . . . . Pick Up 53 | 7 4 10 7 3 5 4 4 1 8 Fast Attach . | . . . . . . . . . . Attach 43 | 7 1 4 2 2 3 2 3 4 15 Detach 5 | . . . . 1 . . 1 2 1 Swap 33 | . 3 6 4 1 3 5 2 1 8 Drop 18 | . 1 2 2 2 . 1 . . 10 Fire 371 | . 61 49 13 35 47 8 55 30 73 Melee . | . . . . . . . . . . Ram . | . . . . . . . . . . Kick . | . . . . . . . . . . Crush 2 | . . 1 . . . . . 1 . Escape Stasis . | . . . . . . . . . . Rewire . | . . . . . . . . . . Trap . | . . . . . . . . . . Miscellaneous . | . . . . . . . . . . Route ------- -11/Scrapyard -10/Materials (discovered 4 exits: *Mat x2 / *Min x2) -9/Materials -8/Materials -8/Storage -7/Factory -6/Factory -6/Extension (discovered 3 exits: *Fac x2 / *Cet) -6/Cetus -5/Factory History --------- Turn | Location | Event 9 | -11/Scrapyard | Identified exit to Materials 9 | -11/Scrapyard | Discovered exit to Materials (range 14) 80 | -11/Scrapyard | Entered Materials 80 | -10/Materials | Evolved 1 slot: Utility x1 289 | -10/Materials | Identified exit to Materials 289 | -10/Materials | Discovered exit to Materials (range 14) 326 | -10/Materials | Build established: Hacker-Mutant 394 | -10/Materials | Identified exit to Mines 394 | -10/Materials | Discovered exit to Mines (range 7) 618 | -10/Materials | Discovered exit to Mines (range 14) 860 | -10/Materials | Discovered exit to Materials (range 16) 920 | -10/Materials | Entered another Materials area 920 | -9/Materials | Evolved 2 slots: Utility x2 2313 | -9/Materials | Identified exit to Materials 2313 | -9/Materials | Discovered exit to Materials (range 8) 2374 | -9/Materials | Entered another Materials area 2374 | -8/Materials | Evolved 2 slots: Propulsion x2 2573 | -8/Materials | Identified exit to Storage 2573 | -8/Materials | Discovered exit to Storage (range 13) 2635 | -8/Materials | Entered Storage 2952 | -8/Storage | Destroyed 7 combat bots 2994 | -8/Storage | Identified exit to Factory 2994 | -8/Storage | Discovered exit to Factory (range 15) 3016 | -8/Storage | Entered Factory 3016 | -7/Factory | Evolved 2 slots: Propulsion x2 3292 | -7/Factory | Repaired Hvy. Assault Cannon 3342 | -7/Factory | Identified exit to Factory 3342 | -7/Factory | Discovered exit to Factory (range 16) 3709 | -7/Factory | Fabricated Imp. Heavy Machine Gun (x1) 3778 | -7/Factory | Entered another Factory area 3778 | -6/Factory | Evolved 2 slots: Utility x1, Weapon x1 4023 | -6/Factory | Identified exit to Extension 4023 | -6/Factory | Discovered exit to Extension (range 10) 4035 | -6/Factory | Entered Extension 4086 | -6/Extension | Build established: Hacker-Tank 4281 | -6/Extension | Rescued a captive Derelict 4298 | -6/Extension | Rescued a captive Derelict 4299 | -6/Extension | Rescued a captive Derelict 4498 | -6/Extension | Rescued a captive Derelict 4785 | -6/Extension | Disrupted transfer network 4911 | -6/Extension | Spotted B-75 Beast 4946 | -6/Extension | Allies destroyed B-75 Beast 4956 | -6/Extension | Spotted B-75 Beast 4977 | -6/Extension | Destroyed B-75 Beast 5043 | -6/Extension | Identified exit to Factory 5043 | -6/Extension | Discovered exit to Factory (range 3) 5250 | -6/Extension | Identified exit to Cetus 5250 | -6/Extension | Discovered exit to Cetus (range 15) 5251 | -6/Extension | Discovered exit to Factory (range 15) 5285 | -6/Extension | Entered Cetus 5306 | -6/Cetus | Spotted Cetus Guard 5306 | -6/Cetus | Spotted Cetus Guard 5313 | -6/Cetus | Destroyed Cetus Guard 5313 | -6/Cetus | Spotted Cetus Guard 5336 | -6/Cetus | Spotted Cetus Guard 5358 | -6/Cetus | Destroyed Cetus Guard 5373 | -6/Cetus | Destroyed Cetus Guard 5421 | -6/Cetus | Destroyed Cetus Guard 5562 | -6/Cetus | Discovered exit to Factory (range 16) 5589 | -6/Cetus | Entered Factory 5589 | -5/Factory | Evolved 2 slots: Power x1, Weapon x1 6248 | -5/Factory | Cargo convoy interrupted 6304 | -5/Factory | Lost 3 parts (1p2n) 6372 | -5/Factory | Garrison activated, responded to threat 6394 | -5/Factory | Lost 3 parts (2n1u) 6532 | -5/Factory | Lost 3 parts (1p2n) 6547 | -5/Factory | Destroyed 7 combat bots 6741 | -5/Factory | Self-destructed Last Messages --------------- 06711_ K-01 Serf cleans the Recycling Unit. 06711_ Critical hit (Burn: +37). 06712_ P-70 Sage knocked back. 06712_ P-70 Sage destroyed. 06714_ K-01 Serf collects debris. 06719_ K-01 Serf cleans the Recycling Unit. 06719_ K-01 Serf collects debris. 06722_ K-01 Serf cleans the Recycling Unit. 06723_ System corrupted: Component data lost. 06724_ R-10 Processor collects Carbon-fiber Leg. 06727_ Magnetic Acceleration Cannon destroyed. 06727_ K-01 Serf collects debris. 06729_ R-10 Processor collects Adv. Heat Sink. 06731_ K-01 Serf collects debris. 06734_ Centrium Medium Armor Plating destroyed. 06734_ Magnetic Acceleration Cannon destroyed. 06735_ K-01 Serf collects debris. 06737_ Adv. Beam Cannon destroyed. 06737_ R-10 Processor collects Imp. Target Analyzer. 06740_ System corrupted: Adv. Heat Sink rejected. Map ----- +----------------------------------------------------+ | ????????????????????????????????????????# | | ????????????????????????????????????????# | | ??????????????????????????????????? ????# | | ????????????????????????????????? ?# """" | | ????????????????????????????? ?# """" | | ??????????????????????????? ?# """" | | ??????????????????????????# ?# """" | | ?????????????????????????## ?# """" | | ????????????????????????? + ?# """" | | ??????????????????????????# ?# | | ???????????????????? ????# ! ?# | | ??????????????????? ???# ## | | ?????????????????? ##########+#########/# #+## | | ???????????????? % | | ??????????????? | | ???????????????" % | | ??????????????"" % | | ?????????????""" !] | | ???????????? = =] ######## #### | | ????????????? ^ ]] % =##### #??#??? | | ?????????????? "#??##?????? | | ????????????? %%""#?????????? | | ????????????? k[ g ""#?????????? | | ????????????? !%R ""#?????????? | | ????????????? pR ""#?????????? | | ????????????????#########@ T"#?????????? | | ????????????????????????# ""#?????????? | | ????????????????????????# !/ """ ""#?????????? | | ????????????????????????# !! Y" ""#?????????? | | ??????????????????????? ! """ ""#?????????? | | ??????????????????????### "??????????? | | ????????????????????????# ##??????????? | | ????????????????????????#####^^ #???????????? | | ????????????????????????????# ^ #???????????? | | ????????????????????????????# """" ??????????? | | ????????????????????????????# """" ?????????? | | ????????????????????????????? """?? ??????????? | | ????????????????????????????? ????? ??????????? | | ????????????????????????????? ????????????????? | | ?????????????????????????????####????????????????? | | ?????????????????????????????????????????????????? | | ?????????????????????????????????????????????????? | | ?????????????????????????????????????????????????? | | ?????????????????????????????????????????????????? | | ?????????????????????????????????????????????????? | | ?????????????????????????????????????????????????? | | ?????????????????????????????????????????????????? | | ?????????????????????????????????????????????????? | | ?????????????????????????????????????????????????? | | ?????????????????????????????????????????????????? | +----------------------------------------------------+ Best States ------------- Heat Dissipation 78 Energy Generation 25 Energy Capacity 445 Matter Stores 300 Matter Capacity 300 Sight Range 16 Robot Scan Range 15 Terrain Scan Range 14 Terrain Scan Density 10 Armor Coverage 1650 Resistance: KI 35 Resistance: TH 55 Resistance: EX 35 Resistance: EM 35 Resistance: I 35 Resistance: S 35 Resistance: P 35 Evasion (%) 40 Target Analysis 6 Recoil Reduction 6 Offensive Hacking 20 Item Schematics ----------------- Imp. Heavy Machine Gun | -7/Factory | Hacked Robot Schematics ------------------ None Fabricated ------------ Imp. Heavy Machine Gun | x1 | -7/Factory Alien Tech Used ----------------- None Achievements -------------- None Challenges ------------ None Game ------ Seed MyomerMicrowarpCapacitor Manual? 0 Play Time 00:43:21 Cumulative 49.8 hours Start 2022.08.28 @ 17:53:26 End 2022.08.28 @ 21:18:54 Sessions 3 Manual Loads 0 Difficulty Explorer Special Mode None Game No. 73 Rogue 0 Adventurer 0 Explorer 73 Win Type - Total 1 Types 1/0/0/0/0/0/0/0/0 Lore% 40 Gallery% 49 Achievement% 44 Wizard Run 0 Options --------- ASCII 0 Keyboard 0 Movement Mouse Keybinds 0 Fullscreen 2 Font 18/SmallcapsGlow Map View 76x50 Tactical HUD 1 Map Filters NONE Filters NONE Steam 1 RUN: 310e2f65-90db-456c-b0fd-027bd8d3b099